 Dungeon Crawl Stone Soup version 0.21-a0 (webtiles) character file.

9802 tyvek the Protected (level 11, -1/71 HPs)
             Began as a Gargoyle Fighter on May 18, 2017.
             Was an Elder of Makhleb.
             Slain by a stone giant (24 damage)
             ... on level 1 of the Orcish Mines.
             The game lasted 00:21:09 (9643 turns).

tyvek the Protected (Gargoyle Fighter)              Turns: 9643, Time: 00:21:10

Health: -1/71      AC: 23    Str: 22    XL:     11   Next: 52%
Magic:  17/17      EV: 13    Int:  9    God:    Makhleb [****..]
Gold:   744        SH: 11    Dex: 10    Spells: 10/10 levels left

rFire    . . .     SeeInvis .   b - +0 broad axe
rCold    . . .     Gourm    .   c - +0 shield
rNeg     + . .     Faith    .   o - +0 plate armour
rPois    ∞         Spirit   .   (no helmet)
rElec    +         Reflect  .   (no cloak)
rCorr    .         Harm     .   m - +0 pair of gloves
MR       .....                  (no boots)
Stlth    ..........             g - amulet of regeneration
Regen    0.7/turn               i - +3 ring of evasion
MPRegen  0.2/turn               E - +4 ring of evasion

@: no status effects
A: negative energy resistance 1, electricity resistance, unbreathing,
petrification resistance, rot immunity, AC +7
a: Minor Destruction, Lesser Servant of Makhleb, Major Destruction, Renounce
Religion


You were on level 1 of the Orcish Mines.
You worshipped Makhleb.
Makhleb was greatly pleased with you.
You were full.

You visited 2 branches of the dungeon, and saw 11 of its levels.
You also visited: Sewer and Ossuary.

You collected 744 gold pieces.


Innate Abilities, Weirdness & Mutations

You are resistant to torment.
Your stone body is resilient. (AC +7)
You are immune to poison.
You resist negative energy. (rN+)
You are resistant to electric shocks. (rElec)
You can survive without breathing.
You are immune to petrification.
You are immune to rotting.


   Skills:
 + Level 9.0 Fighting
 + Level 7.9 Axes
 + Level 9.5 Armour
 + Level 9.4 Shields
 + Level 8.4 Invocations


You had 10 spell levels left.
You didn't know any spells.

Inventory:

Hand Weapons
 a - a +1 hand axe of chopping
 b - a +0 broad axe (weapon)
 D - a +0 mace
Armour
 c - a +0 shield (worn)
 m - a +0 pair of gloves (worn)
 o - a +0 plate armour (worn)
 L - a cursed -1 plate armour
Jewellery
 g - an amulet of regeneration (around neck)
 i - a +3 ring of evasion (left hand)
 C - an uncursed amulet of the gourmand
 E - a +4 ring of evasion (right hand)
Wands
 u - a wand of lightning (5/15)
 x - a wand of random effects (17/48)
 y - a wand of disintegration (11/24)
 G - a wand of random effects (9/48)
Scrolls
 e - 4 scrolls of magic mapping
 j - 13 scrolls of remove curse {@r2}
 k - 3 scrolls of teleportation {@r4}
 p - 2 scrolls of recharging
 B - 3 scrolls of enchant weapon
 H - a scroll of fear {unknown}
 I - 3 scrolls of vulnerability {unknown}
 K - a scroll of identify {@r1}
Potions
 d - 2 potions of might
 l - a potion of heal wounds {@q2}
 n - 3 potions of brilliance {unknown}
 q - 11 potions of curing {@q1}
 r - 2 potions of haste {unknown}
 s - 3 potions of mutation {!q}
 t - a potion of lignification {unknown}
 v - 4 potions of flight {unknown}
 w - a potion of ambrosia
 z - 4 potions of berserk rage {unknown}
Comestibles
 f - 7 bread rations {@e1}
 h - 8 meat rations {@e1}
 A - 5 fruits {@e2}
 F - a chunk of flesh
 J - a royal jelly {@e3}

Dungeon Overview and Level Annotations

Branches:
Dungeon (10/15)            Temple (0/1) D:7             Orc (1/2) D:10
   Lair: D:8-11

Altars:
Cheibriados
Elyvilon
Fedhas
Hepliaklqana
Makhleb
Ru
Wu Jian
The Shining One

Shops:
D:9 *

Annotations:
D:2 2 transporters

#.>.........#.
##.........#.....
#.......####.$.
##.......# ..
#........## .#
#.........###.##
##.##......#...##
#....(..........#
##.##....@C#....
# ###..##..$#.
#......##
#......#
........#
##.#....## ##
#..## ..# ..#


You could see a stone giant.


Message History

Found 25 gold pieces.
No target in view!
Found 24 gold pieces.
You now have 734 gold pieces (gained 32).
You now have 744 gold pieces (gained 10).
A stone giant comes into view.
The stone giant throws a large rock.
The large rock hits you!!
You see here a large rock {=f}.
A stone giant is nearby!
A stone giant is nearby!
A stone giant is nearby!
The stone giant throws a large rock.
The large rock barely misses you.
You hear the crackling of a very distant melting archway.
The stone giant hits you!!
* * * LOW HITPOINT WARNING * * *
You are too injured to fight recklessly!
You are too injured to fight recklessly!
Unknown command.
You hit the stone giant.
The stone giant is lightly wounded.
The stone giant hits you!!
* * * LOW HITPOINT WARNING * * *
You slash the stone giant!
The stone giant is lightly wounded.
The stone giant misses you.
You feel much better. The stone giant closely misses you.
You hit the stone giant but do no damage.
The stone giant is lightly wounded.
You block the stone giant's attack. The stone giant hits you!!
You die...

Skill      XL: |  1  2  3  4  5  6  7  8  9 10 11 |
---------------+----------------------------------+-----
Axes           | 2 3 4 5 6 7 |  7.9
Shields        | 4 5 6 7 8 9 |  9.4
Fighting       | 4 5 6 7 8 9 |  9.0
Armour         | 4 5 6 7 8 9 |  9.5
Invocations    | 2 3 4 6 7 8 |  8.4

Action                   |  1- 3 |  4- 6 |  7- 9 | 10-12 || total
-------------------------+-------+-------+-------+-------++-------
Melee: War axe           |    93 |   188 |   588 |   149 ||  1018
       Broad axe         |       |       |       |   265 ||   265
       Hand axe          |       |       |       |    19 ||    19
       Mace              |       |       |       |     6 ||     6
Invok: Lesser Servant of |       |       |       |     2 ||     2
  Use: Scroll            |       |     8 |     6 |       ||    14
       Potion            |       |       |     2 |     1 ||     3
  Eat: Chunk             |     1 |     5 |    11 |    16 ||    33
       Royal jelly       |       |       |     1 |       ||     1
       Meat ration       |       |       |       |     1 ||     1
Armor: Scale mail        |    34 |    25 |       |       ||    59
       Plate armour      |       |    73 |   259 |   234 ||   566
Dodge: Dodged            |    20 |    76 |   275 |   223 ||   594
Block: Shield            |    60 |   122 |   328 |   280 ||   790

Vault maps used:
D:1:      lemuel_arrival_room
D:2:      gammafunk_temple_overflow_arena, nicolae_overflow_hidden_temple,
          first_bread
D:4:      kennysheep_mini, lemuel_coloured_pillars_altar, gup_sewer_entry_glass
D:5:      lemuel_doored_altar, uniq_grinder
D:6:      small_statue_intersection
D:7:      temple_statues, gup_ossuary_entry_pyramid
D:8:      lemuel_round_altar, uniq_psyche, uniq_pikel, uniq_grum
D:9:      gammafunk_temple_overflow_elements, serial_shops,
          kennysheep_little_box
D:10:     david_orc_1_choice
Orc:1:    portal_ice_cave_entry_pillars_1, nicolae_for_you_no_charge, uniq_snorg
Sewer:    sewer_kobolds
Ossuary:  ossuary_boxes_badplayer

Notes
Turn   | Place    | Note
-------+----------+-------------------------------------------
     0 | D:1      | tyvek the Gargoyle Fighter began the quest for the Orb.
     0 | D:1      | Reached XP level 1. HP: 14/14 MP: 1/1
   101 | D:1      | Reached skill level 2 in Axes
   287 | D:1      | Reached XP level 2. HP: 19/19 MP: 2/2
   696 | D:2      | Found a burning altar of Makhleb.
   821 | D:2      | Reached XP level 3. HP: 23/23 MP: 3/3
   916 | D:2      | Noticed a black bear
   916 | D:2      | Noticed a scorpion
   917 | D:2      | Found a white marble altar of Elyvilon.
  1344 | D:3      | Reached XP level 4. HP: 26/28 MP: 4/4
  1446 | D:3      | Reached skill level 3 in Axes
  1518 | D:3      | Reached skill level 4 in Shields
  1525 | D:3      | Reached skill level 4 in Fighting
  1536 | D:3      | Reached XP level 5. HP: 17/33 MP: 5/5
  1942 | D:2      | Became a worshipper of Makhleb the Destroyer
  1976 | D:3      | Reached skill level 4 in Armour
  2346 | D:4      | Reached XP level 6. HP: 34/38 MP: 6/6
  2384 | D:4      | Reached skill level 1 in Invocations
  2431 | D:4      | Reached skill level 4 in Axes
  2454 | D:4      | Found an ornate altar of the Wu Jian Council.
  2528 | D:4      | Found a glowing drain.
  2538 | D:4      | Reached skill level 2 in Invocations
  2563 | Sewer    | Entered a sewer
  2634 | Sewer    | Reached * piety under Makhleb
  2640 | Sewer    | Reached XP level 7. HP: 44/44 MP: 8/8
  2657 | Sewer    | Found a white marble altar of Elyvilon.
  2828 | D:4      | Found a glowing golden altar of the Shining One.
  2904 | D:5      | Entered Level 5 of the Dungeon
  3080 | D:5      | Found a hazy altar of Hepliaklqana.
  3090 | D:5      | Reached skill level 5 in Shields
  3090 | D:5      | Reached skill level 3 in Invocations
  3208 | D:5      | Reached skill level 5 in Fighting
  3208 | D:5      | Reached skill level 5 in Armour
  3443 | D:5      | Noticed Grinder
  3446 | D:5      | Paralysed by Grinder for 3 turns
  3473 | D:5      | Killed Grinder
  3473 | D:5      | Reached XP level 8. HP: 26/49 MP: 10/10
  3526 | D:5      | Reached skill level 4 in Invocations
  3726 | D:6      | Reached ** piety under Makhleb
  3726 | D:6      | Reached skill level 5 in Axes
  3919 | D:6      | Reached skill level 6 in Shields
  4464 | D:7      | Reached skill level 6 in Armour
  4523 | D:7      | Reached skill level 6 in Fighting
  4523 | D:7      | Reached XP level 9. HP: 55/55 MP: 12/12
  4650 | D:7      | Reached skill level 5 in Invocations
  4668 | D:7      | Found a sand-covered staircase.
  4682 | Ossuary  | Entered an ossuary
  5237 | Ossuary  | Reached *** piety under Makhleb
  5728 | D:7      | Reached skill level 6 in Axes
  5992 | D:7      | Found a staircase to the Ecumenical Temple.
  6024 | D:7      | Reached skill level 7 in Armour
  6175 | D:8      | Noticed Psyche
  6196 | D:8      | Killed Psyche
  6196 | D:8      | Reached skill level 7 in Fighting
  6196 | D:8      | Reached skill level 7 in Shields
  6225 | D:8      | Noticed Grum
  6241 | D:8      | Killed Grum
  6241 | D:8      | Reached skill level 6 in Invocations
  6265 | D:8      | Reached XP level 10. HP: 63/63 MP: 14/14
  6293 | D:8      | Noticed Pikel
  6308 | D:8      | Reached **** piety under Makhleb
  6341 | D:8      | Killed Pikel
  6346 | D:8      | Found a snail-covered altar of Cheibriados.
  6453 | D:8      | Reached skill level 8 in Armour
  7050 | D:9      | Reached skill level 8 in Shields
  7054 | D:9      | Reached skill level 7 in Axes
  7054 | D:9      | Reached skill level 7 in Invocations
  7199 | D:9      | Reached skill level 8 in Fighting
  7296 | D:9      | Noticed a two-headed ogre
  7571 | D:8      | Killed a two-headed ogre
  7823 | D:9      | Noticed a cyclops
  7833 | D:9      | Killed a cyclops
  7833 | D:9      | Reached XP level 11. HP: 68/69 MP: 16/16
  7977 | D:9      | Found a blossoming altar of Fedhas.
  7977 | D:9      | Found a sacrificial altar of Ru.
  8173 | D:9      | Found Jiplom's General Store.
  8248 | D:10     | Entered Level 10 of the Dungeon
  8313 | D:10     | Reached skill level 9 in Armour
  8445 | D:10     | Noticed a five-headed hydra
  8481 | D:9      | Killed a six-headed hydra
  8852 | D:10     | Reached skill level 9 in Shields
  8853 | D:10     | Reached skill level 8 in Invocations
  9082 | D:10     | Found a staircase to the Orcish Mines.
  9221 | D:10     | Noticed a two-headed ogre
  9229 | D:10     | Killed a two-headed ogre
  9468 | D:10     | Reached skill level 9 in Fighting
  9508 | Orc:1    | Entered Level 1 of the Orcish Mines
  9508 | Orc:1    | Noticed an orc knight
  9601 | Orc:1    | Killed an orc knight
  9633 | Orc:1    | Noticed a stone giant
  9640 | Orc:1    | HP: 1/71 [stone giant (20)]
  9643 | Orc:1    | Slain by a stone giant

Vanquished Creatures
  2 two-headed ogres
  Pikel (D:8)
  An orc knight (Orc:1)
  A cyclops (D:9)
  Psyche (D:8)
  A troll (D:8)
  Grinder (D:5)
  A wyvern (D:10)
  8 yaks
  Grum (D:8)
  A warg (D:10)
  2 water moccasins (D:10)
  7 orc warriors
  4 sky beasts
  A slave (D:8)
  2 ice beasts
  2 ogres (D:7)
  A necrophage (D:9)
  A phantom (D:7)
  2 centaurs
  4 wolves (D:8)
  3 big kobolds
  2 bullfrogs
  A wyvern zombie (D:8)
  A scorpion (D:5)
  3 killer bees (D:8)
  2 howler monkeys
  A bullfrog zombie (D:10)
  3 centaur zombies (Ossuary)
  3 hounds
  5 jellies
  2 centaur skeletons
  7 orc priests
  2 bullfrog skeletons
  8 orc wizards
  An iguana (D:6)
  8 worker ants
  A big kobold zombie (Ossuary)
  2 ogre zombies (Ossuary)
  8 mummies
  A hound zombie (D:7)
  A hound skeleton (D:4)
  A howler monkey skeleton (D:6)
  10 gnolls
  8 adders
  A river rat (Sewer)
  3 shadow imps
  An ooze (D:5)
  3 adder zombies (Ossuary)
  3 adder skeletons
  3 worms
  2 dart slugs
  8 leopard geckos
  34 orcs
  7 bats
  3 giant cockroaches
  7 goblins
  3 hobgoblins
  7 jackals
  18 kobolds
  4 quokkas
  3 frilled lizards
  A gnoll zombie (Ossuary)
  5 goblin zombies (Ossuary)
  4 hobgoblin zombies (Ossuary)
  3 kobold zombies (Ossuary)
  A leopard gecko skeleton (D:5)
  7 quokka zombies (Ossuary)
  9 rats
  A rat zombie (Ossuary)
270 creatures vanquished.

Vanquished Creatures (collateral kills)
  A hydra (D:9)
1 creature vanquished.

Vanquished Creatures (others)
  A slave (D:8)
  2 orc wizards (D:8)
  A shadow imp (D:8)
  7 orcs (D:8)
  2 jackals (D:8)
13 creatures vanquished.

Grand Total: 284 creatures vanquished
